 Dungeon Crawl Stone Soup version 0.30-a0-534-gdc55766716 (webtiles) character file.

Game seed: 18283167304074204410

45320 experimilk the Frost Mage (level 14, -3/107 HPs)
             Began as a Yellow Draconian Conjurer on Dec 24, 2022.
             Was an Elder of Sif Muna.
             Succumbed to a black mamba's poison
             ... on level 4 of the Lair of Beasts on Dec 25, 2022.
             The game lasted 01:20:04 (31029 turns).

experimilk the Frost Mage (DrCj)                   Turns: 31029, Time: 01:20:05

Health: -3/107     AC: 22    Str: 11    XL:     14   Next: 0%
Magic:  13/27      EV: 16    Int: 22    God:    Sif Muna [****..]
Gold:   500        SH:  0    Dex: 10    Spells: 8/31 levels left

rFire   . . .      SeeInvis .    J - +2 dagger (venom)
rCold   . . .      Faith    .    (no shield)
rNeg    . . .      Spirit   .    (body armour unavailable)
rPois   .          Reflect  .    (helmet restricted)
rElec   .          Harm     .    (no cloak)
rCorr   +          Rampage  .    g - +1 pair of gloves
Will    +....                    k - +2 pair of boots
Stlth   ++                       (no amulet)
HPRegen 0.37/turn                N - +4 ring of evasion
MPRegen 0.20/turn                G - ring of wizardry

@: lethally poisoned (-3 -> -21), ice-armoured
A: spit acid, AC +8, unfitting armour, acidic bite, cold-blooded, acid
resistance
a: Breathe Acid, Renounce Religion, Channel Magic, Forget Spell, Divine Exegesis


You were on level 4 of the Lair of Beasts.
You worshipped Sif Muna.
Sif Muna was greatly pleased with you.
You visited 3 branches of the dungeon, and saw 18 of its levels.

You collected 1925 gold pieces.
You spent 1425 gold pieces at shops.

Inventory:

Hand Weapons
 z - a +4 quarterstaff
 A - a +4 dagger of protection
 J - a +2 dagger of venom (weapon)
Armour
 g - a +1 pair of gloves (worn)
 k - a +2 pair of boots (worn)
Magical Staves
 l - a staff of cold
Jewellery
 i - a ring of protection from fire
 v - a ring of protection from cold
 y - a +4 ring of slaying
 D - a +4 ring of slaying
 F - a ring of positive energy
 G - a ring of wizardry (right hand)
 N - a +4 ring of evasion (left hand)
Wands
 e - a wand of polymorph (2)
 u - a wand of paralysis (19)
 H - a wand of roots (13)
 P - a wand of mindburst (9)
Scrolls
 c - a scroll of magic mapping
 d - 3 scrolls of fog
 h - a scroll of enchant armour
 m - a scroll of identify
 o - a scroll of enchant weapon
 p - 2 scrolls of torment
 B - a scroll of vulnerability
 K - a scroll of brand weapon
 M - a scroll of poison
 O - a scroll of silence {unknown}
Potions
 a - a potion of magic
 b - 7 potions of curing
 f - 6 potions of attraction
 j - a potion of lignification
 n - a potion of berserk rage
 r - a potion of haste
 t - a potion of ambrosia
 w - a potion of might
 E - a potion of mutation
 I - 2 potions of cancellation
Miscellaneous
 s - a phial of floods (inert)


   Skills:
 - Level 5.0 Fighting
 - Level 1.7 Dodging
 - Level 1.7 Stealth
 + Level 9.3 Spellcasting
 - Level 13.0 Conjurations
 - Level 3.0 Translocations
 * Level 13.3 Ice Magic
 - Level 11.0 Air Magic
 + Level 5.6 Invocations
 - Level 3.0 Evocations


You had 8 spell levels left.
You knew the following spells:

 Your Spells              Type           Power      Damage    Failure   Level
a - Summon Ice Beast      Ice/Summ       39%        N/A       1%          4
c - Freezing Cloud        Conj/Ice/Air   30%        6-21      1%          5
p - Passage of Golubria   Tloc           23%        N/A       8%          4
q - Ozocubu's Armour      Ice            62%        N/A       1%          3
v - Gell's Gravitas       Tloc           23%        N/A       2%          3
x - Iskenderun's Mystic   Conj/Tloc      45%        2d10      1%          4

Your spell library contained the following spells:

 Spells                   Type           Power      Damage    Failure   Level
 Magic Dart               Conj           100%       1d8       1%          1
 Searing Ray              Conj           100%       2d8       1%          2
 Dazzling Flash           Conj/Hex       76%        N/A       1%          3
 Frozen Ramparts          Ice            100%       1d16      1%          3
 Kindle Blastsparks       Fire/Tloc/Air  60%        2d15      1%          3
 Fulminant Prism          Conj/Hex       19%        3d10      1%          4
 Ice Form                 Ice/Tmut       39%        N/A       1%          4
 Iskenderun's Battlesphe  Conj           61%        2d11      1%          5
 Beastly Appendage        Tmut           20%        N/A       2%          1
 Lesser Beckoning         Tloc           46%        N/A       2%          3
 Teleport Other           Tloc           23%        N/A       2%          3
 Conjure Ball Lightning   Conj/Air       29%        3x3d9     2%          6
 Wereblood                Tmut           10%        N/A       4%          2
 Fireball                 Conj/Fire      19%        3d9       4%          5
 Metabolic Englaciation   Hex/Ice        19%        N/A       4%          5
 Ignite Poison            Fire/Tmut/Pois 10%        N/A       8%          3
 Spider Form              Tmut/Pois      10%        N/A       8%          3
 Tukima's Dance           Hex            10%        N/A       8%          3
 Orb of Destruction       Conj           30%        9d10      11%         7
 Petrify                  Tmut/Erth      10%        N/A       26%         4
 Simulacrum               Ice/Necr       19%        N/A       26%         6
 Alistair's Intoxication  Tmut/Pois      6%         N/A       54%         5
 Yara's Violent Unravell  Hex/Tmut       5%         3d4       54%         5


Dungeon Overview and Level Annotations

Branches:
Dungeon (12/15)            Temple (1/1) D:7            Lair (5/5) D:10
 Shoals (0/4) Lair:2       Spider (0/4) Lair:3        Slime (0/5) Lair:4
    Orc (0/2) D:12

Altars:
Ashenzari
Dithmenos
Elyvilon
Fedhas
Gozag
Hepliaklqana
Kikubaaqudgha
Makhleb
Nemelex Xobeh
Okawaru
Qazlal
Ru
Sif Muna
Trog
Uskayaw
Wu Jian
Xom
Yredelemnul
Zin
The Shining One

Shops:
D:1 *   D:9 *   D:10 :   D:12 [(

Annotations:
D:3 2 transporters, Pokonic1's ghost, amateur MiFi
D:4 Sigmund
Lair:3 Nessos


Innate Abilities, Weirdness & Mutations

You can spit globs of acid.
Your golden yellow scales are hard. (AC +8)
You cannot fit into any form of body armour.
You have acidic saliva.
You are cold-blooded and may be slowed by cold attacks.
You are resistant to acid. (rCorr)


Message History

[Y]es or [N]o only, please.
Really blast near your ice beast?
Okay, then.
Unknown command.
Casting: Iskenderun's Mystic Blast (mildly dangerous; 1% risk of failure)
Confirm with . or Enter, or press ? or * to list all spells.
A film of ice covers your body! The black mamba bites you.
* * * LOW HITPOINT WARNING * * *
You are poisoned.
The black mamba poisons you! The dream sheep misses you.
The yak gores you but does no damage.
Your ice beast hits the yak but does no damage.
Your icy armour will break if you move.
Continue? [Y]es or [N]o only, please.
Your icy armour will break if you move.
Continue? [Y]es or [N]o only, please.
Your icy armour will break if you move.
Continue? [Y]es or [N]o only, please.
Your icy armour will break if you move.
Continue?
Okay, then.
Casting: Ozocubu's Armour (safe; 1% risk of failure)
Confirm with . or Enter, or press ? or * to list all spells.
Aiming: Passage of Golubria (dangerous; 8% risk of failure)
Press: ? - help, Dir - move target You feel very sick.
The black mamba bites you!
* * * LOW HITPOINT WARNING * * *
The dream sheep bites you!
* * * LOW HITPOINT WARNING * * *
The black mamba misses you. The yak closely misses you.
The dream sheep bites you but does no damage.
The yak gores you but does no damage.
Your ice beast completely misses the yak.
Unknown command.
Unknown command.
Unknown command.
Unknown command.
You hit the yak but do no damage.
The yak is poisoned.
You bite the yak, but do no damage.
You die...

................#
........."......####
.#.................###
............^........# ###
#...................### #.#
#.....................##### ###.#
......................#.#.###...#
...............YS^.............##
#...............@Y..............#
)#..............YYY..###........#
..............Y.....## ###.#....(
.##.............F...# ##......
.###P...............## ##.....
..P..................## #.....
.....#................## ##....
.....###P..............######....
...######P........##.#...#.#....#


You could see a black mamba, 2 yaks, a blink frog, 3 dream sheep and a friendly
ice beast (summoned).

Vanquished Creatures
  5 hydras
  2 boulder beetles
  4 two-headed ogres
  7 death yaks
  A deep elf pyromancer (D:12)
  An orc knight (D:12)
  A lindwurm (Lair:2)
  2 cyclopes
  A manticore (D:7)
  7 elephants
  2 black mambas
  A torpor snail (Lair:2)
  8 cane toads
  An unseen horror (D:11)
  3 rime drakes
  A kobold demonologist (D:12)
  4 komodo dragons
  A merfolk (Lair:2)
  A polar bear (Lair:2)
  A hornet (D:9)
  Prince Ribbit (Lair:2)
  Grinder (D:3)
  4 blink frogs
  A jumping spider (Lair:3)
  3 wraiths
  2 basilisks
  36 yaks
  3 wyverns
  4 steam dragons
  4 redbacks (Lair:3)
  3 vampire mosquitoes
  2 acid dragons
  11 water moccasins
  10 orc warriors
  An ice beast (D:6)
  3 ogres
  15 wolves
  3 centaurs
  5 kobold brigands
  Blork the orc (D:5)
  A necrophage (D:5)
  13 bullfrogs
  3 scorpions
  4 wights (D:9)
  12 killer bees
  4 howler monkeys
  An electric eel (Lair:2)
  A hound (D:5)
  10 orc priests
  A jelly (D:7)
  Natasha (D:4)
  3 iguanas (D:5)
  11 orc wizards
  A hound zombie (D:3)
  4 gnolls
  9 adders
  2 shadow imps
  A white imp (D:5)
  An ufetubus (D:6)
  An adder zombie (D:3)
  2 worms (D:4)
  2 dart slugs
  44 orcs
  3 ball pythons
  8 endoplasms
  2 giant cockroaches
  6 hobgoblins
  4 jackals (D:4)
  5 quokkas
  A ball python zombie (D:3)
  6 bats
  4 frilled lizards
  7 goblins
  A jackal zombie (D:3)
  20 kobolds
  3 rats
369 creatures vanquished.

Vanquished Creatures (collateral kills)
  2 hydras
  A catoblepas (Lair:4)
  3 death yaks
  An elephant (Lair:4)
  A black mamba (Lair:4)
  A cane toad (Lair:4)
  A komodo dragon (Lair:2)
  A merfolk (Lair:2)
  2 polar bears
  A blink frog (Lair:5)
  2 jumping spiders (Lair:3)
  2 wyverns (Lair:1)
  6 yaks (Lair:4)
  A redback (Lair:3)
  A water moccasin (Lair:4)
  2 wolves (Lair:4)
  A bullfrog (Lair:2)
29 creatures vanquished.

Vanquished Creatures (others)
  30 fungi
  72 plants
102 creatures vanquished.

Grand Total: 500 creatures vanquished

Notes
Turn   | Place    | Note
-------+----------+-------------------------------------------
     0 | D:1      | experimilk the Draconian Conjurer began the quest for the
                  | Orb.
     0 | D:1      | Reached XP level 1. HP: 14/14 MP: 3/3
   470 | D:1      | Reached XP level 2. HP: 20/20 MP: 0/5
   639 | D:1      | Found Celot's Assorted Antiques.
  1502 | D:2      | Learned a level 2 spell: Searing Ray
  1506 | D:2      | Found a faded altar of an unknown god.
  1525 | D:2      | Reached XP level 3. HP: 21/26 MP: 0/6
  2090 | D:2      | Reached skill level 5 in Conjurations
  2277 | D:3      | Reached XP level 4. HP: 26/33 MP: 1/8
  2375 | D:3      | Reached skill level 1 in Fighting
  2561 | D:3      | Reached XP level 5. HP: 22/40 MP: 0/9
  3098 | D:3      | Found a basalt altar of Yredelemnul.
  3140 | D:3      | Noticed Grinder
  3145 | D:3      | Killed Grinder
  3146 | D:3      | Reached XP level 6. HP: 48/51 MP: 2/10
  3315 | D:3      | Found a transporter.
  3316 | D:3      | Noticed Pokonic1's ghost (amateur MiFi)
  3318 | D:3      | Found a transporter.
  3716 | D:4      | Noticed Sigmund
  3773 | D:4      | Found a sacrificial altar of Ru.
  4056 | D:4      | Found a shadowy altar of Dithmenos.
  4159 | D:4      | Noticed Natasha
  4163 | D:4      | Killed Natasha
  4407 | D:4      | Your scales start taking on a golden yellow colour.
  4407 | D:4      | Reached XP level 7. HP: 57/57 MP: 3/11
  4407 | D:4      | Gained mutation: You are resistant to acid. (rCorr) [Yellow
                  | Draconian growth]
  4825 | D:5      | Entered Level 5 of the Dungeon
  5247 | D:5      | Found a shimmering altar of Xom.
  5247 | D:5      | Found a shimmering altar of Xom.
  5251 | D:5      | Found a shimmering altar of Xom.
  5252 | D:5      | Found a shimmering altar of Xom.
  5253 | D:5      | Found a shimmering altar of Xom.
  5262 | D:5      | Found a shimmering altar of Xom.
  5263 | D:5      | Found a shimmering altar of Xom.
  5364 | D:5      | Noticed Blork the orc
  5372 | D:5      | Killed Blork the orc
  5892 | D:5      | Reached XP level 8. HP: 63/63 MP: 2/12
  7194 | D:7      | Reached skill level 10 in Conjurations
  7653 | D:7      | Reached skill level 5 in Fighting
  7747 | D:7      | Found a staircase to the Ecumenical Temple.
  7770 | Temple   | Entered the Ecumenical Temple
  7899 | Temple   | Became a worshipper of Sif Muna the Loreminder
  7906 | Temple   | Learned a level 5 spell: Freezing Cloud
  7992 | D:7      | Reached XP level 9. HP: 71/74 MP: 7/15
  8091 | D:7      | Learned a level 3 spell: Ozocubu's Armour
  8161 | D:7      | Noticed a manticore
  8166 | D:7      | Killed a manticore
  8256 | D:7      | Noticed a cyclops
  8263 | D:7      | Killed a cyclops
  8264 | D:7      | Reached skill level 5 in Spellcasting
  9074 | D:8      | Reached * piety under Sif Muna
  9483 | D:9      | Learned a level 4 spell: Iskenderun's Mystic Blast
  9525 | D:9      | Found a white marble altar of Elyvilon.
  9607 | D:9      | Noticed a two-headed ogre
  9668 | D:9      | Noticed a two-headed ogre
  9677 | D:9      | Killed a two-headed ogre
  9678 | D:9      | Reached skill level 5 in Air Magic
  9678 | D:9      | Reached XP level 10. HP: 73/81 MP: 1/18
  9982 | D:9      | Killed a two-headed ogre
  9983 | D:9      | Reached skill level 5 in Ice Magic
 10414 | D:9      | Paralysed by a hornet for 2 turns
 11219 | D:9      | Reached skill level 1 in Translocations
 11420 | D:9      | Found Qorui's General Store.
 11656 | D:9      | Bought a scroll of amnesia for 52 gold pieces
 11656 | D:9      | Bought a potion of magic for 104 gold pieces
 11656 | D:9      | Bought a potion of lignification for 39 gold pieces
 11749 | D:9      | Found a burning altar of Makhleb.
 11808 | D:10     | Entered Level 10 of the Dungeon
 11811 | D:10     | Found a staircase to the Lair.
 12247 | D:10     | Reached ** piety under Sif Muna
 12503 | D:10     | Found Unoryer's Book Shoppe.
 12532 | D:10     | Noticed a two-headed ogre
 12537 | D:10     | Killed a two-headed ogre
 12538 | D:10     | Reached XP level 11. HP: 86/86 MP: 10/22
 12743 | D:10     | Reached skill level 1 in Invocations
 13248 | D:10     | Learned a level 4 spell: Passage of Golubria
 13669 | D:11     | Noticed a two-headed ogre
 13673 | D:11     | Killed a two-headed ogre
 14088 | D:11     | Noticed a boulder beetle
 14919 | D:11     | Killed a boulder beetle
 15708 | D:12     | Found Reorchak's Weapon Emporium.
 15713 | D:12     | Noticed an orc knight
 15722 | D:12     | Killed an orc knight
 16867 | D:12     | Found a staircase to the Orcish Mines.
 16869 | D:12     | Found Vaecweat's Armour Emporium.
 16999 | D:12     | Noticed a deep elf pyromancer
 17007 | D:12     | Killed a deep elf pyromancer
 17528 | D:12     | Reached *** piety under Sif Muna
 18253 | Lair:1   | Entered Level 1 of the Lair of Beasts
 18283 | D:10     | Reached XP level 12. HP: 56/94 MP: 7/23
 19951 | D:10     | Bought a book of Rime for 420 gold pieces
 19956 | D:10     | Learned a level 4 spell: Summon Ice Beast
 20332 | Lair:1   | Reached skill level 10 in Ice Magic
 20332 | Lair:1   | Reached skill level 10 in Air Magic
 21072 | Lair:2   | Noticed a boulder beetle
 21084 | Lair:2   | Killed a boulder beetle
 21300 | Lair:2   | Noticed a death yak
 21302 | Lair:2   | Noticed a death yak
 21302 | Lair:2   | Noticed a death yak
 21305 | Lair:2   | Noticed a death yak
 21306 | Lair:2   | Noticed a death yak
 21309 | Lair:2   | Noticed a death yak
 21317 | Lair:2   | Killed a death yak
 21318 | Lair:2   | Killed a death yak
 21319 | Lair:2   | Reached skill level 5 in Invocations
 21323 | Lair:2   | Killed a death yak
 21324 | Lair:2   | Killed a death yak
 21374 | Lair:2   | Killed a death yak
 21375 | Lair:2   | Killed a death yak
 21672 | Lair:2   | Noticed Prince Ribbit
 21683 | Lair:2   | Killed Prince Ribbit
 22407 | Lair:2   | Noticed a seven-headed hydra
 22446 | Lair:2   | Killed a seven-headed hydra
 22665 | Lair:2   | Noticed a six-headed hydra
 23668 | Lair:2   | Noticed a seven-headed hydra
 23674 | Lair:2   | Killed a seven-headed hydra
 23675 | Lair:2   | Reached skill level 1 in Evocations
 23675 | Lair:2   | Reached XP level 13. HP: 100/100 MP: 11/25
 23883 | Lair:2   | Got the Catalogue of Forms
 24253 | Lair:2   | Found a staircase to the Shoals.
 25308 | Lair:3   | Found a hole to the Spider Nest.
 25483 | Lair:3   | Reached **** piety under Sif Muna
 25848 | Lair:3   | Learned a level 3 spell: Gell's Gravitas
 26656 | Lair:3   | Identified a scroll of acquirement
 26657 | Lair:3   | Acquired 820 gold pieces
 26786 | D:10     | Bought a book of the Spheres for 810 gold pieces
 26919 | Lair:3   | Noticed Nessos
 29092 | Lair:4   | Found a staircase to the Slime Pits.
 30073 | Lair:5   | Entered Level 5 of the Lair of Beasts
 30573 | Lair:4   | Gained mutation: You have acidic saliva. [Yellow Draconian
                  | growth]
 30573 | Lair:4   | Reached XP level 14. HP: 17/107 MP: 6/27
 31028 | Lair:4   | HP: 2/107 [dream sheep (9)]
 31029 | Lair:4   | Succumbed to a black mamba's poison

Illustrated notes

Levels and vault maps discovered:
D:1:      matt_arrival_grand_opening, layout_basic, serial_co_window_serial,
          co_window_corner_a, co_window_paths_b, co_window_of_opportunity_a,
          co_window_corner_a, co_window_corner_a, co_window_2corner,
          co_window_of_opportunity_c, co_window_of_opportunity_c,
          co_window_2corner, co_window_corner_b, co_window_corner_cb,
          co_window_paths_d, co_window_sun, glass_columns_a, glass_columns_a,
          glass_columns_a, glass_columns_c, glass_columns_c, serial_shops,
          nicolae_shop_hallway_plus, st_stairs_12, chequers_serial_rivers_room_b
D:2:      layout_basic, shapermc_ecumenical_altar_acropolis
D:3:      layout_loops_ring, nicolae_yredelemnul_corpse_copse,
          gammafunk_ghost_mausoleum, uniq_grinder
D:4:      layout_gridville, mainiacjoe_overflow_cross_hatched,
          mainiacjoe_overflow_boulevard, uniq_sigmund, uniq_natasha
D:5:      layout_basic, xom_redecorated, serial_co_window_serial,
          co_window_corner_a, co_window_of_opportunity_a, co_window_paths_a,
          co_window_paths_a, co_window_corner_a, co_window_corner_a,
          co_window_corner_a, co_window_corner_b, co_window_unsneaky_path_a,
          co_window_corner_b, co_window_of_opportunity_c, co_window_sun,
          glass_columns_b, glass_columns_a, glass_columns_c, glass_columns_a,
          glass_columns_b, uniq_blork_the_orc
D:6:      layout_loops_ring
D:7:      minmay_cornered_nines, layout_basic, kennysheep_mini_moat,
          mainiacjoe_overflow_paths, minmay_temple_entry_crystal_x
D:8:      layout_rooms, nicolae_titane
D:9:      layout_long_grid, mainiacjoe_overflow_alcove_2, elyvilon_altar_4,
          serial_shops, nicolae_shop_crystal
D:10:     layout_small_grid, lair_entry_dummy, serial_shops, nicolae_shop_trees,
          chequers_serial_rivers_marsh, serial_bayou_pond_a, kennysheep_nub
D:11:     layout_roguey, kennysheep_flooded_box
D:12:     layout_loops_ring, orc_david_3, special_room [special_room_orc]
Temple:   nicolae_temple_superstar
Lair:1:   layout_cave_shapes, grunt_megastairs_4
Lair:2:   nzn_winding_woodlands_stair_trap [nzn_winding_woodlands_5x15_cabin,
          nzn_winding_woodlands_5x15_crooked, nzn_winding_woodlands_5x15_jagged,
          nzn_winding_woodlands_15x15_five_gardens,
          nzn_winding_woodlands_5x15_eye, nzn_winding_woodlands_5x15_pockets,
          nzn_winding_woodlands_5x15_lazy_stream], layout_gridlike,
          elwin_shoals_entry_rooms, uniq_prince_ribbit2
Lair:3:   layout_long_grid, nicolae_spider_entry_tight_spaces,
          serial_bayou_pond_e, infiniplex_staircase_pool, uniq_nessos
Lair:4:   layout_cave_pods, slime_entry_1
Lair:5:   hellmonk_lair_end_abyssal_woods, layout_gridlike,
          nicolae_volcano_entry_hallway, portal_ice_cave_demonic_guard,
          nicolae_lair_lakeside_cave

Skill      XL: |  1  2  3  4  5  6  7  8  9 10 11 12 13 |
---------------+----------------------------------------+-----
Conjurations   | 5 6 7 9 10 11 13 | 13.0
Spellcasting   | 3 4 5 7 8 9 |  9.3
Fighting       | 1 3 5 |  5.0
Ice Magic      | 4 7 9 11 13 | 13.3
Air Magic      | 5 7 9 11 | 11.0
Translocations | 3 |  3.0
Invocations    | 3 5 |  5.6
Evocations     | 1 3 |  3.0
Dodging        | |  1.7
Stealth        | |  1.7

Action                   |  1- 3 |  4- 6 |  7- 9 | 10-12 | 13-15 || total
-------------------------+-------+-------+-------+-------+-------++-------
Melee: Unarmed           |    13 |       |       |       |       ||    13
       Tailslap          |     1 |     1 |     2 |    11 |     9 ||    24
       Short sword       |       |     1 |       |       |       ||     1
       Dagger            |       |     2 |    16 |    69 |    43 ||   130
       Punch             |       |       |       |     1 |       ||     1
       Bite              |       |       |       |       |     1 ||     1
 Cast: Magic Dart        |    51 |    31 |    38 |    23 |       ||   143
       Searing Ray       |     8 |    26 |    58 |    36 |     1 ||   129
       Ozocubu's Armour  |       |       |     5 |     2 |     3 ||    10
       Iskenderun's Myst |       |       |     2 |    82 |    19 ||   103
       Freezing Cloud    |       |       |       |    97 |    52 ||   149
       Summon Ice Beast  |       |       |       |    12 |    30 ||    42
       Gell's Gravitas   |       |       |       |       |    29 ||    29
       Passage of Golubr |       |       |       |       |     2 ||     2
Invok: Channel Magic     |       |       |       |     3 |     5 ||     8
 Abil: Breathe Acid      |       |       |    21 |    19 |     6 ||    46
Evoke: Wand              |       |       |     1 |     3 |       ||     4
       Phial of floods   |       |       |       |       |     1 ||     1
  Use: Scroll            |     1 |     1 |    12 |    12 |    14 ||    40
       Potion            |       |     1 |     3 |    16 |     2 ||    22
 Stab: Paralysed         |       |       |     6 |       |       ||     6
       Distracted        |       |       |       |       |     1 ||     1
       Sleeping          |       |       |       |       |     1 ||     1
Armor: Skin              |     5 |     6 |    25 |   104 |    59 ||   199
Dodge: Dodged            |    12 |     8 |    53 |   152 |    99 ||   324

Table legend: (Time is in decaauts)
 A = Elapsed time spent in this place.
 B = Non-inter-level travel time spent in this place.
 C = Inter-level travel time spent in this place.
 D = Time resting spent in this place.
 E = Time spent auto-exploring this place.
 F = Levels seen in this place.
 G = Mean time per level.
                   A        B        C        D        E       F      G
               +--------+--------+--------+--------+--------+-----+--------+
         Total |  31127 |  29866 |   1261 |  15676 |  10324 |  18 | 1729.3 |
       Dungeon |  19424 |  18629 |    795 |   8080 |   8503 |  12 | 1618.7 |
        Temple |    142 |    136 |      6 |      0 |    100 |   1 |  142.0 |
          Lair |  11559 |  11099 |    460 |   7595 |   1720 |   5 | 2311.8 |
               +--------+--------+--------+--------+--------+-----+--------+

Top non-repeatable levels by time:
  Lair:2: 4694 daAuts
  Lair:4: 3340 daAuts
    D:11: 2867 daAuts
    D:10: 2690 daAuts
     D:9: 2190 daAuts
    D:12: 2103 daAuts
  Lair:3: 1886 daAuts
  Lair:1: 1577 daAuts
     D:1: 1418 daAuts
     D:5: 1416 daAuts
     D:3: 1368 daAuts
     D:4: 1271 daAuts
     D:7: 1191 daAuts
     D:8: 1190 daAuts
     D:6: 938 daAuts
